 Dungeon Crawl Stone Soup version 0.17-a0-1763-g847a857 (webtiles) character file.

102690 Gorice the Fencer (level 15, -9/119 HPs)
             Began as a Mummy Berserker on Sept 5, 2015.
             Was a High Priest of Trog.
             Killed from afar by a raiju (19 damage)
             ... with a living lightning
             ... on level 2 of the Abyss.
             The game lasted 03:34:17 (42364 turns).

Gorice the Fencer (Mummy Berserker)                Turns: 42364, Time: 03:34:18

Health: -9/119     AC: 24    Str: 20    XL:     15   Next: 86%
Magic:  15/15      EV:  8    Int:  9    God:    Trog [*****.]
Gold:   2269       SH:  0    Dex: 16    Spells: 0 memorised, 14 levels left

rFire  x . .     SeeInvis .     a - +3 great sword (flame)
rCold  + . .     Clarity  .     E - +0 plate armour
rNeg   + + +     SustAt   .     (no shield)
rPois  ∞         Gourm    .     q - +0 helmet
rElec  .         Spirit   .     x - +0 cloak
rCorr  .         Warding  .     j - +0 pair of gloves
rMut   +         Rnd*Tele +     (no boots)
MR     +....                    N - amulet of resist mutation
Stlth  ..........               C - ring of teleportation
                                e - +3 ring of protection

@: very slightly contaminated, somewhat resistant to hostile enchantments,
extremely unstealthy
A: no food or potions, fire vulnerability, cold resistance 1, negative energy
resistance 3, torment resistance, unbreathing, in touch with death 1, restore
body
a: Self-Restoration, Burn Spellbooks, Trog's Hand, Brothers in Arms, Renounce
Religion, Evoke Teleportation


You were on level 2 of the Abyss.
You worshipped Trog.
Trog was extremely pleased with you.
You were not hungry.

You visited 4 branches of the dungeon, and saw 26 of its levels.
You visited the Abyss 1 time.
You also visited: Labyrinth.

You collected 2269 gold pieces.

Inventory:

Hand weapons
 a - a +3 great sword of flaming (weapon)
   (Trog gifted it to you on level 5 of the Lair of Beasts)
 p - a +3 long sword of protection
   (Trog gifted it to you on level 9 of the Dungeon)
 A - a +3 antimagic great sword
   (Trog gifted it to you on level 8 of the Lair of Beasts)
 B - a +0 blowgun
 L - a +1 arbalest of flaming
   (Trog gifted it to you on level 13 of the Dungeon)
 M - a +1 antimagic quarterstaff
   (Trog gifted it to you on level 1 of the Abyss)
Missiles
 o - 72 poisoned needles
 u - 45 tomahawks (quivered)
 X - 2 poisoned tomahawks
 Y - 3 throwing nets
Armour
 j - a +0 pair of gloves (worn)
 n - a mottled dragon hide
 q - a +0 helmet (worn)
 x - a +0 cloak (worn)
 E - a +0 plate armour (worn)
Jewellery
 e - a +3 ring of protection (left hand)
 m - a +4 ring of strength
 C - a ring of teleportation (right hand)
 H - an uncursed ring of flight
 N - an amulet of resist mutation (around neck)
Magical devices
 b - a wand of flame (42)
 c - a wand of flame (32)
 k - a wand of fireball (11)
 r - a wand of fire (4)
 v - a wand of fireball (7)
 y - a wand of random effects (16)
 z - a wand of cold (6)
 D - a wand of digging (11)
 F - a wand of slowing (40)
 I - a wand of polymorph (4)
 S - a wand of teleportation (6) {!d}
Scrolls
 d - 3 scrolls of teleportation {!r}
 f - 8 scrolls of remove curse
 g - 4 scrolls of identify
 h - 2 scrolls of recharging
 s - 3 scrolls of magic mapping {!r}
 t - a scroll of blinking
 w - 2 scrolls of fog
 K - 2 scrolls of noise {!r}
 O - 2 scrolls of torment {!r}
Books
 i - a book of Clouds
 G - a book of Annihilations
 J - a book of Debilitation
Miscellaneous
 l - a phantom mirror
 P - a box of beasts


   Skills:
 - Level 11.6 Fighting
 + Level 15.8 Long Blades
 - Level 15.1 Armour
 * Level 1.5 Dodging


You had 14 spell levels left.
You didn't know any spells.

Dungeon Overview and Level Annotations

Branches:
Dungeon (14/15)            Temple (1/1) D:7            Lair (8/8) D:8
 Shoals (0/4) Lair:5       Spider (0/4) Lair:5        Slime (0/6) Lair:7
    Orc (3/4) D:10         Vaults (0/5) D:13
    Elf: Orc:3-4

Altars:
Ashenzari
Elyvilon
Fedhas
Gozag
Kikubaaqudgha
Makhleb
Okawaru
Ru
Yredelemnul
Zin
The Shining One
Jiyva

Shops:
D:10 (   D:11 (

Annotations:
D:2 Sigmund
D:7 Urgaas's ghost, experienced DrCK
D:14 Sonja
Lair:7 exclusion: oklob plant
Orc:3 pUX: MiGl ghost w elect!, George's ghost, mighty MiGl


Innate Abilities, Weirdness & Mutations

You do not eat or drink.
Your flesh is vulnerable to fire.
You are immune to poison.
Your flesh is cold resistant.
You are immune to negative energy.
You are immune to unholy pain and torment.
You can survive without breathing.
You are in touch with the powers of death.
You can restore your body by infusing magical energy.


Message History

You remove your +4 ring of strength.
You feel weaker.
You feel slightly jumpy.
C - a ring of teleportation (right hand)
Found 26 gold pieces.
Unknown command.
There are no items here.
f - 8 scrolls of remove curse (gained 1)
You now have 2269 gold pieces (gained 23).
You start resting.
A raiju comes into view.
The raiju barks!
The raiju bursts into living lightning!
The living lightning hits you!
The raiju blinks!
The raiju blinks!
Damage: 10 (max 10)
The raiju barely misses you.
A raiju comes into view.
The raiju bites you but does no damage.
You barely miss the raiju. You slash the raiju! You burn the raiju.
The raiju is heavily wounded.
The raiju bites you but does no damage.
You barely miss the raiju.
The raiju is heavily wounded.
The raiju barks!
The raiju bites you. The raiju shocks you!
* * * LOW HITPOINT WARNING * * *
Damage: 11 (max 11)
You closely miss the raiju.
The raiju is heavily wounded.
The raiju bites you but does no damage.
You closely miss the raiju.
The raiju is heavily wounded.
The raiju bursts into living lightning!
The living lightning hits you!
* * * LOW HITPOINT WARNING * * *
The raiju blinks!
Damage: 4 (max 11)
A small abomination comes into view.
A raiju comes into view.
The raiju barks!
The raiju bites you but does no damage.
A tentacled starspawn comes into view.
The raiju bursts into living lightning!
The living lightning misses you.
The raiju blinks!
The raiju bursts into living lightning!
The living lightning hits you!
* * * LOW HITPOINT WARNING * * *
The living lightning hits you!
You die...

! # #. #...
.## ...#..#
..
#..h..h####
. . . #...#
. .#..## .#
... .#§.# .
. ###..#.##
. .
#...##@#
...x.
##....#
.........
..#.... .
....#. #..#
.. . .##.#h
. #h# .. X#
.# . .#


You could see 2 raiju.

Vanquished Creatures
  A tentacled starspawn (Abyss:1)
  Kirke (Lair:5)
  4 catoblepae
  9 hydras
  A queen ant (D:9)
  2 centaur warriors
  3 tengu warriors (D:13)
  15 death yaks
  An orc high priest (Orc:1)
  Nergalle (Lair:3)
  A skeletal warrior (D:13)
  5 hill giants
  2 cyclopes
  A wolf spider (Lair:5)
  6 ugly things
  2 griffons (Lair:8)
  2 sirens (Lair:5)
  24 elephants
  An apocalypse crab (Abyss:1)
  5 black mambas
  A torpor snail (Lair:7)
  12 spiny frogs
  5 komodo dragons
  2 gargoyles
  4 fire drakes
  An ancient zyme (Abyss:1)
  A wolf spider simulacrum (D:14)
  A two-headed ogre (D:11)
  2 merfolk (Lair:5)
  A spriggan druid (Lair:8)
  6 polar bears
  2 trapdoor spider zombies
  2 trolls
  27 blink frogs
  3 slime creatures (D:12)
  2 deep elf magi (D:11)
  A trapdoor spider (D:14)
  8 redbacks
  9 spriggans
  A shadow (Abyss:1)
  11 hippogriffs
  3 hogs (Lair:5)
  3 wraiths
  A small abomination (Abyss:1)
  3 vampire mosquitoes
  32 yaks
  A wyvern (Lair:7)
  16 humans
  2 basilisks
  A neqoxec (Abyss:1)
  3 hungry ghosts
  A warg (Orc:1)
  A mottled dragon (D:12)
  39 wolves
  19 water moccasins
  5 soldier ants
  A swamp drake (D:10)
  2 phantoms
  7 black bears
  4 sky beasts
  4 wasps (Lair:8)
  An ice beast (D:8)
  6 ogres
  24 porcupines
  9 orc warriors
  11 crocodiles
  15 big kobolds
  12 centaurs
  21 giant frogs
  A wyvern zombie (D:13)
  A gnoll sergeant (D:4)
  A scorpion (D:9)
  3 wights (D:8)
  12 killer bees
  5 crimson imps
  4 centaur skeletons
  A centaur zombie (D:5)
  10 hounds
  25 orc wizards
  4 giant frog skeletons
  4 gnoll shamans
  3 jellies
  21 orc priests
  8 iguanas
  36 worker ants
  16 sheep
  A hound zombie (D:7)
  Robin (D:3)
  50 gnolls
  79 river rats
  15 adders
  3 shadow imps
  An ufetubus (Abyss:1)
  5 oozes
  3 worms
  7 giant geckos
  128 orcs
  12 bats
  4 giant cockroaches
  18 goblins
  12 hobgoblins
  23 jackals
  4 quokkas
  2 giant gecko skeletons
  3 giant newts
  A jackal skeleton (D:4)
  A jackal zombie (D:6)
  26 kobolds
  8 rats
  4 fungi
  A plant (D:8)
1003 creatures vanquished.

Vanquished Creatures (collateral kills)
  Norris (D:13)
  A minotaur (Lab)
  The ghost of 4thArraOfDagon the Grappler, a powerful TrCK of Cheibriados (D:12)
  A fire crab (Lair:6)
  A hill giant (D:13)
  An anaconda skeleton (Abyss:1)
  An elephant (Lair:3)
  An ugly thing (D:13)
  A fire drake (Lair:7)
  A komodo dragon (Lair:7)
  A tengu conjurer (D:13)
  Prince Ribbit (D:6)
  2 spriggans (Lair:8)
  2 yaks (Lair:8)
  A wolf (Lair:8)
  A black bear (Lair:8)
  2 crocodiles
  A small abomination (Abyss:1)
  Blork the orc (D:6)
  A worker ant (D:13)
  2 river rats (Lair:7)
  A shadow imp (D:12)
  A giant cockroach (D:6)
  A giant gecko (D:6)
28 creatures vanquished.

Vanquished Creatures (others)
  A small abomination (Abyss:1)
  2 orcs
  41 fungi
  23 plants
  4 starspawn tentacles (Abyss:1)
  8 starspawn tentacle segments (Abyss:1)
79 creatures vanquished.

Grand Total: 1110 creatures vanquished

Notes
Turn   | Place    | Note
--------------------------------------------------------------
     0 | D:1      | Gorice the Mummy Berserker began the quest for the Orb.
     0 | D:1      | Reached XP level 1. HP: 18/18 MP: 1/1
   210 | D:1      | Reached skill level 3 in Long Blades
   210 | D:1      | Reached XP level 2. HP: 9/24 MP: 2/2
  1376 | D:2      | Noticed Sigmund
  1506 | D:2      | Reached XP level 3. HP: 29/29 MP: 3/3
  1541 | D:2      | Acquired Trog's second power
  2102 | D:3      | Reached skill level 4 in Long Blades
  2238 | D:3      | Reached XP level 4. HP: 30/35 MP: 4/4
  2484 | D:3      | Found a basalt altar of Yredelemnul.
  3209 | D:4      | Reached XP level 5. HP: 41/41 MP: 5/5
  3248 | D:4      | Noticed an ogre
  3350 | D:3      | Reached skill level 5 in Long Blades
  3456 | D:4      | Noticed Robin
  3549 | D:3      | HP: 12/41 [Robin/enchanted whip (5)]
  3559 | D:3      | Killed Robin
  3562 | D:3      | HP: 10/41 [hobgoblin/club[Robin] (4)]
  3571 | D:3      | HP: 9/41 [hobgoblin/club[Robin] (2)]
  4045 | D:4      | Reached XP level 6. HP: 47/47 MP: 6/6
  4348 | D:4      | Reached skill level 6 in Long Blades
  4558 | D:4      | Killed an ogre
  4794 | D:4      | Reached XP level 7. HP: 52/52 MP: 7/7
  5006 | D:4      | Found a burning altar of Makhleb.
  5006 | D:4      | Noticed an Executioner
  5009 | D:4      | Noticed a hellwing
  5009 | D:4      | Noticed an orange demon
  5065 | D:4      | Reached skill level 7 in Long Blades
  5110 | D:5      | Entered Level 5 of the Dungeon
  5809 | D:4      | Acquired Trog's third power
  5895 | D:5      | Reached skill level 8 in Long Blades
  5918 | D:5      | Reached XP level 8. HP: 58/58 MP: 8/8
  6690 | D:5      | Reached skill level 9 in Long Blades
  8194 | D:6      | Noticed Prince Ribbit
  8213 | D:6      | Killed Prince Ribbit
  8239 | D:6      | Reached skill level 10 in Long Blades
  8467 | D:6      | Reached XP level 9. HP: 60/63 MP: 9/9
  8567 | D:6      | Noticed Blork the orc
  8600 | D:6      | Killed Blork the orc
  9368 | D:6      | Found an ancient bone altar of Kikubaaqudgha.
  9371 | D:6      | Found a shattered altar of Ashenzari.
  9374 | D:6      | Found a glowing golden altar of the Shining One.
  9486 | D:7      | Got a steaming buckler
  9492 | D:7      | Identified the +2 buckler "Mabyep" {MR+} (You found it on level 7 of the Dungeon)
  9582 | D:7      | Found a sacrificial altar of Ru.
  9680 | D:7      | Found a glowing silver altar of Zin.
  9753 | D:7      | Noticed Urgaas's ghost (experienced DrCK)
  9964 | D:7      | Reached skill level 11 in Long Blades
 10323 | D:7      | Found a staircase to the Ecumenical Temple.
 10331 | Temple   | Entered the Ecumenical Temple
 10578 | D:7      | Noticed a gargoyle
 10587 | D:7      | Killed a gargoyle
 11407 | D:8      | Found a staircase to the Lair.
 11408 | D:8      | Noticed a komodo dragon
 11577 | D:8      | Reached skill level 12 in Long Blades
 11708 | D:8      | Reached XP level 10. HP: 57/70 MP: 10/10
 12085 | D:8      | Killed a komodo dragon
 12180 | D:8      | Found an opulent altar of Gozag.
 12293 | Lair:1   | Entered Level 1 of the Lair of Beasts
 12472 | Lair:1   | Received a gift from Trog
 13016 | Lair:1   | Noticed a seven-headed hydra
 13025 | Lair:1   | Killed an eight-headed hydra
 13025 | Lair:1   | Reached skill level 13 in Long Blades
 14239 | Lair:2   | Reached XP level 11. HP: 52/75 MP: 11/11
 14256 | Lair:2   | Reached skill level 14 in Long Blades
 14411 | Lair:2   | Reached skill level 2 in Armour
 14972 | Lair:2   | Reached skill level 4 in Fighting
 15323 | Lair:3   | Reached skill level 3 in Armour
 15607 | Lair:3   | Noticed Nergalle
 15663 | Lair:3   | Killed Nergalle
 15663 | Lair:3   | Reached skill level 5 in Fighting
 15862 | Lair:3   | Reached skill level 4 in Armour
 16006 | Lair:3   | Reached skill level 6 in Fighting
 16473 | Lair:3   | Reached skill level 5 in Armour
 16505 | Lair:3   | Reached skill level 7 in Fighting
 17005 | Lair:4   | Noticed a catoblepas
 17045 | Lair:4   | Killed a catoblepas
 17879 | Lair:5   | Found a labyrinth entrance.
 17888 | Lab      | Entered a labyrinth
 19214 | Lab      | Noticed a minotaur
 19229 | Lab      | HP: 21/84 [minotaur (8)]
 19230 | Lab      | Killed a minotaur
 19657 | Lair:5   | Noticed a four-headed hydra
 19680 | Lair:5   | Reached skill level 6 in Armour
 19682 | Lair:5   | Reached XP level 12. HP: 86/92 MP: 12/12
 19743 | Lair:5   | Reached skill level 8 in Fighting
 20400 | Lair:5   | Killed a four-headed hydra
 20400 | Lair:5   | Reached skill level 7 in Armour
 20666 | Lair:5   | Found a hole to the Spider Nest.
 20860 | Lair:5   | Reached skill level 9 in Fighting
 20901 | Lair:5   | Found a staircase to the Shoals.
 20944 | Lair:5   | Noticed a catoblepas
 21116 | Lair:5   | Killed a catoblepas
 21412 | Lair:5   | Received a gift from Trog
 21512 | Lair:5   | Reached skill level 8 in Armour
 21776 | Lair:5   | Reached skill level 10 in Fighting
 22565 | Lair:6   | Noticed Kirke
 22673 | Lair:5   | HP: 29/98 [hog[Kirke] (5)]
 22962 | Lair:5   | Gained mutation: You are in touch with the powers of death. [Mummy growth]
 22962 | Lair:5   | Gained mutation: You can restore your body by infusing magical energy. [Mummy growth]
 22962 | Lair:5   | Reached XP level 13. HP: 91/104 MP: 13/13
 23017 | Lair:5   | Reached skill level 9 in Armour
 23348 | Lair:5   | Killed Kirke
 23348 | Lair:5   | Reached skill level 11 in Fighting
 24097 | Lair:6   | Received a gift from Trog
 24433 | Lair:6   | Reached skill level 10 in Armour
 24747 | Lair:6   | Noticed a five-headed hydra
 24757 | Lair:6   | Killed a two-headed hydra
 26031 | Lair:7   | Found a viscous altar of Jiyva.
 26031 | Lair:7   | Found a staircase to the Slime Pits.
 26092 | Lair:7   | Reached skill level 11 in Armour
 27022 | Lair:7   | Reached XP level 14. HP: 113/113 MP: 14/14
 27492 | Lair:8   | Entered Level 8 of the Lair of Beasts
 27596 | Lair:8   | Received a gift from Trog
 27777 | Lair:7   | Reached skill level 12 in Armour
 28099 | Lair:7   | HP: 33/113 [death yak (10)]
 28104 | Lair:7   | HP: 25/113 [death yak (10)]
 28131 | Lair:7   | HP: 26/113 [death yak (6)]
 30162 | Lair:8   | HP: 27/113 [young spriggan druid/angry trees (9)]
 30689 | Lair:8   | Received a gift from Trog
 31087 | Lair:8   | Reached skill level 15 in Long Blades
 31115 | Lair:8   | Reached skill level 13 in Armour
 31377 | Lair:7   | HP: 32/113 [black mamba (4)]
 32796 | D:9      | Received a gift from Trog
 33109 | D:10     | Entered Level 10 of the Dungeon
 33197 | D:10     | Found Jiapituh's Weapon Shoppe.
 33689 | D:10     | Found a staircase to the Orcish Mines.
 33787 | Orc:1    | Entered Level 1 of the Orcish Mines
 34028 | Orc:1    | Reached XP level 15. HP: 109/119 MP: 15/15
 34967 | Orc:1    | Received a gift from Trog
 35642 | Orc:3    | Noticed George's ghost (mighty MiGl)
 36089 | D:11     | Received a gift from Trog
 36251 | D:11     | Found Veuhagymis's Weapon Shoppe.
 37089 | D:12     | Noticed 4thArraOfDagon's ghost (powerful TrCK)
 37326 | D:12     | Killed 4thArraOfDagon's ghost
 37977 | D:13     | Found a gate to the Vaults.
 37977 | D:13     | Noticed Norris
 38226 | D:13     | Reached skill level 14 in Armour
 38415 | D:13     | Found an iron altar of Okawaru.
 38451 | D:13     | Received a gift from Trog
 39299 | D:13     | Killed Norris
 40073 | D:13     | HP: 26/119 [tengu conjurer/bolt of lightning[a tengu warrior] (19)]
 41896 | D:14     | Noticed Sonja
 41911 | D:14     | Cast into the Abyss (Sonja)
 42148 | Abyss:1  | Noticed a tentacled starspawn
 42155 | Abyss:1  | Killed a tentacled starspawn
 42155 | Abyss:1  | Reached skill level 15 in Armour
 42177 | Abyss:1  | HP: 34/119 [anaconda skeleton (2)]
 42182 | Abyss:1  | HP: 25/119 [anaconda skeleton (1)]
 42202 | Abyss:1  | HP: 22/119 [blink frog (2)]
 42215 | Abyss:1  | Received a gift from Trog
 42223 | Abyss:1  | Noticed a tentacled starspawn
 42225 | Abyss:1  | HP: 16/119 [quasit (1)]
 42228 | Abyss:1  | Noticed a bone dragon
 42233 | Abyss:1  | HP: 14/119 [quasit (1)]
 42245 | Abyss:1  | Noticed a tentacled starspawn
 42358 | Abyss:2  | HP: 28/119 [raiju (9)]
 42363 | Abyss:2  | Noticed a tentacled starspawn
 42364 | Abyss:2  | HP: 10/119 [raiju/living lightning (15)]
 42364 | Abyss:2  | Killed from afar by a raiju

Vault maps used:
D:1:      matt_arrival_debris
D:2:      uniq_sigmund
D:3:      lemuel_doored_altar, first_bread, serial_bayou, serial_bayou_pond_c,
          serial_bayou_pond_b, serial_bayou_shore_a, serial_bayou_lagoon_a,
          patterned_corridor
D:4:      makhleb_altar_promises_db, nicolae_ossuary_entry_plus,
          roderic_serpentine_path, st_stairs_10, abandoned_shop, uniq_robin
D:5:      lemuel_castle_with_subvaults
D:6:      grunt_temple_overflow_diamond, kennysheep_generic_room_6,
          uniq_blork_the_orc, uniq_prince_ribbit1
D:7:      zin_treasury, temple_doors_e, serial_curves, eino_curves_03,
          eino_curves_02, eino_curves_02, nicolae_ru_sacrificial_ziggurat
D:8:      old_standard_altar, david_lair_shrubbed
D:9:      minmay_another_anthill
D:10:     erik_orc_1, serial_shops, nicolae_shop_behind_doors
D:11:     special_room, serial_shops, nicolae_shop_stone
D:13:     david_vaults_3, hangedman_pestilent_swarm, okawaru_ov_weapons_minmay
D:14:     grunt_decor_mini_mirrors, uniq_sonja
Temple:   circular_temple_12
Lair:1:   guppyfry_lair_drakes
Lair:3:   minivault_25, serial_bayou_pond_a, infiniplex_staircase_pool_2,
          uniq_nergalle
Lair:5:   elwin_shoals_entry_stream, spider_nest_entry_rubble,
          lab_entry_generic, grunt_forest_stairs_clearing, grunt_megastairs_3
Lair:6:   columned_hall_lemuel, uniq_kirke
Lair:7:   slime_altar_1, minmay_lair_oklob_bushes
Lair:8:   minmay_lair_end_enchanted_forest
Orc:2:    uniq_maurice
Orc:3:    nicolae_orc_pool_cavern, uniq_harold, uniq_donald
Lab:      labyrinth_skeletal_remains

Action                   |  1- 3 |  4- 6 |  7- 9 | 10-12 | 13-15 || total
-------------------------+-------+-------+-------+-------+-------++-------
Melee: Falchion          |   123 |   197 |   602 |    30 |       ||   952
       Great sword       |       |       |    82 |   158 |  1863 ||  2103
       Scimitar          |       |       |       |   593 |       ||   593
       Blowgun           |       |       |       |     1 |       ||     1
       Dagger            |       |       |       |     4 |       ||     4
 Fire: Hunting sling     |    37 |    10 |   106 |    15 |       ||   168
       Blowgun           |       |    33 |   106 |   125 |   122 ||   386
Throw: Tomahawk          |     4 |     1 |    12 |    67 |   101 ||   185
Invok: Burn Spellbooks   |     1 |       |       |     2 |     2 ||     5
       Trog's Hand       |       |     2 |     1 |       |     1 ||     4
       Brothers in Arms  |       |       |     2 |     3 |     7 ||    12
Evoke: Wand              |       |       |     1 |     9 |     4 ||    14
  Use: Scroll            |     1 |     1 |     5 |     7 |    16 ||    30
 Stab: Distracted        |       |       |     1 |     1 |       ||     2
       Petrified         |       |       |       |     4 |       ||     4
       Confused          |       |       |       |       |     1 ||     1

Table legend:
 A = Turns spent in this place as a percentage of turns spent in the entire game.
 B = Non-inter-level travel turns spent in this place as a percentage of non-inter-level travel turns spent in the entire game.
 C = Inter-level travel turns spent in this place as a percentage of turns spent in this place.
 D = Turns resting spent in this place as a percentage of non-inter-level travel turns spent in this place.
 E = Turns spent auto-exploring this place as a percentage of non-inter-level travel turns spent in this place.
 F = Non-inter-level travel turns spent in this place divided by the number of levels of this place that you've seen.
                   A       B       C       D       E      F
               +-------+-------+-------+-------+-------+----------------------
         Total | 100.0 | 100.0 |   0.4 |   2.6 |   2.8 | 595.4
       Dungeon |  47.5 |  47.5 |   0.5 |   2.6 |   3.5 | 585.4
        Temple |   0.0 |   0.0 |   0.0 |   0.0 |   0.0 |   1.0
          Lair |  38.8 |  38.8 |   0.4 |   3.0 |   2.8 | 837.4
  Orcish Mines |   4.1 |   4.1 |   0.8 |   3.9 |   1.7 | 237.3
         Abyss |   1.0 |   1.0 |   0.0 |   6.7 |   0.0 |  89.5
     Labyrinth |   8.5 |   8.6 |   0.0 |   0.3 |   0.0 | 1480.0
               +-------+-------+-------+-------+-------+----------------------

Vault maps used:
D:1:      matt_arrival_debris
D:2:      uniq_sigmund
D:3:      lemuel_doored_altar, first_bread, serial_bayou, serial_bayou_pond_c,
          serial_bayou_pond_b, serial_bayou_shore_a, serial_bayou_lagoon_a,
          patterned_corridor
D:4:      makhleb_altar_promises_db, nicolae_ossuary_entry_plus,
          roderic_serpentine_path, st_stairs_10, abandoned_shop, uniq_robin
D:5:      lemuel_castle_with_subvaults
D:6:      grunt_temple_overflow_diamond, kennysheep_generic_room_6,
          uniq_blork_the_orc, uniq_prince_ribbit1
D:7:      zin_treasury, temple_doors_e, serial_curves, eino_curves_03,
          eino_curves_02, eino_curves_02, nicolae_ru_sacrificial_ziggurat
D:8:      old_standard_altar, david_lair_shrubbed
D:9:      minmay_another_anthill
D:10:     erik_orc_1, serial_shops, nicolae_shop_behind_doors
D:11:     special_room, serial_shops, nicolae_shop_stone
D:13:     david_vaults_3, hangedman_pestilent_swarm, okawaru_ov_weapons_minmay
D:14:     grunt_decor_mini_mirrors, uniq_sonja
Temple:   circular_temple_12
Lair:1:   guppyfry_lair_drakes
Lair:3:   minivault_25, serial_bayou_pond_a, infiniplex_staircase_pool_2,
          uniq_nergalle
Lair:5:   elwin_shoals_entry_stream, spider_nest_entry_rubble,
          lab_entry_generic, grunt_forest_stairs_clearing, grunt_megastairs_3
Lair:6:   columned_hall_lemuel, uniq_kirke
Lair:7:   slime_altar_1, minmay_lair_oklob_bushes
Lair:8:   minmay_lair_end_enchanted_forest
Orc:2:    uniq_maurice
Orc:3:    nicolae_orc_pool_cavern, uniq_harold, uniq_donald
Lab:      labyrinth_skeletal_remains
